 Dungeon Crawl Stone Soup version 0.30-a0-737-gf23d94013f (webtiles) character file.

Game seed: 7708701718062547499

60497 Leeroy the Thaumaturge (level 14, -4/80 HPs)
             Began as a Vine Stalker Warper on Feb 2, 2023.
             Was a High Priest of Wu Jian.
             Slain by a shard shrike simulacrum (40 damage)
             ... on level 4 of the Abyss on Feb 3, 2023.
             The game lasted 00:38:40 (19550 turns).

Leeroy the Thaumaturge (Vine Stalker Warper)       Turns: 19550, Time: 00:38:41

Health: -4/80      AC: 15    Str: 14      XL:     14   Next: 99%
Magic:  0/25       EV: 22    Int: 11 (13) God:    Wu Jian [*****.]
Gold:   1269       SH:  0    Dex: 31      Spells: 28/37 levels left

rFire   x x .      SeeInvis .    R - +3 scimitar (flame)
rCold   . . .      Faith    .    (no shield)
rNeg    . . .      Spirit   +    J - +0 acid dragon scales
rPois   .          Reflect  .    x - +2 helmet
rElec   .          Harm     .    W - +2 cloak
rCorr   +          Rampage  .    Z - +2 pair of gloves
Will    +....                    (no boots)
Stlth   ++++++                   k - amulet of magic regeneration
HPRegen 1.13/turn                D - +6 ring of dexterity
MPRegen 0.59/turn                l - +6 ring of dexterity

@: no status effects
A: fangs 3, regeneration 1, magic shield, antimagic bite, no potion heal 2, [low
MP 2], [heat vulnerability 2]
a: Renounce Religion, Wall Jump, Serpent's Lash, Heavenly Storm


You were on level 4 of the Abyss.
You worshipped Wu Jian.
Wu Jian was extremely pleased with you.
You visited 3 branches of the dungeon, and saw 20 of its levels.
You visited the Abyss 1 time.
You also visited: Sewer.

You collected 1476 gold pieces.
You spent 207 gold pieces at shops.

Inventory:

Hand Weapons
 a - the +6 scimitar of Upheaval {heavy, Stlth+}
   (You found it on level 11 of the Dungeon)

   Stlth:     It makes you more stealthy.
 A - a +2 long sword of electrocution
 N - a +2 great sword of holy wrath
 Q - a +3 rapier
 R - a +3 scimitar of flaming (weapon)
Missiles
 d - 5 boomerangs of dispersal
 j - 15 boomerangs (quivered)
 n - 46 poisoned darts
 F - 2 throwing nets
 K - 6 curare-tipped darts
 V - 2 atropa-tipped darts
Armour
 e - an orb of wrath
 x - a +2 helmet (worn)
 C - a +0 leather armour of willpower
 H - a +2 scale mail of cold resistance
 J - +0 acid dragon scales (worn)
 S - a +2 robe of cold resistance
 W - a +2 cloak (worn)
 Z - a +2 pair of gloves (worn)
Jewellery
 k - an amulet of magic regeneration (around neck)
 l - a +6 ring of dexterity (right hand)
 D - a +6 ring of dexterity (left hand)
 E - a ring of positive energy
 I - a +4 ring of slaying
 U - a ring of positive energy
 Y - a ring of wizardry
Wands
 q - a wand of quicksilver (13)
 M - a wand of iceblast (29)
 O - a wand of flame (17)
 X - a wand of charming (14)
Scrolls
 c - 4 scrolls of fog
 g - 9 scrolls of teleportation
 p - 9 scrolls of vulnerability
 r - 4 scrolls of immolation
 u - a scroll of fear
 v - 4 scrolls of magic mapping
 w - 2 scrolls of butterflies
 y - a scroll of torment
 G - a scroll of silence
Potions
 b - 2 potions of haste {unknown}
 f - 6 potions of brilliance
 h - a potion of cancellation
 i - 10 potions of curing
 m - 2 potions of lignification
 o - 7 potions of mutation
 s - 3 potions of flight
 t - a potion of berserk rage
 z - 4 potions of might
 L - a potion of invisibility
 P - a potion of resistance
 T - a potion of ambrosia {unknown}


   Skills:
 - Level 12.0 Fighting
 - Level 12.0 Long Blades
 - Level 0.2(0.3) Axes
 - Level 0.2(0.5) Polearms
 - Level 0.4(0.5) Staves
 - Level 0.5 Ranged Weapons
 - Level 0.8 Throwing
 - Level 0.7 Armour
 - Level 10.1 Dodging
 + Level 11.9 Stealth
 - Level 0.1 Shields
 - Level 12.0 Spellcasting
 - Level 0.2 Conjurations
 - Level 0.2 Hexes
 - Level 0.4 Summonings
 - Level 0.3 Necromancy
 - Level 3.0 Translocations
 - Level 0.2 Transmutations
 - Level 0.2 Fire Magic
 - Level 0.2 Ice Magic
 - Level 0.2 Earth Magic
 - Level 0.2 Poison Magic
 - Level 0.2 Invocations


You had 28 spell levels left.
You knew the following spells:

 Your Spells              Type           Power      Damage    Failure   Level
a - Blink                 Tloc           26%        N/A       6%          2
b - Vhi's Electric Charg  Tloc/Air       18%        N/A       24%         3
c - Manifold Assault      Tloc           13%        N/A       38%         4

Your spell library contained the following spells:

 Spells                   Type           Power      Damage    Failure   Level
 Lesser Beckoning         Tloc           26%        N/A       6%          2
 Necrotise                Necr           28%        1d5       13%         1
 Gell's Gravitas          Tloc           13%        N/A       13%         3
 Teleport Other           Tloc           13%        N/A       13%         3
 Ensorcelled Hibernation  Hex/Ice        14%        N/A       21%         2
 Kindle Blastsparks       Fire/Tloc/Air  16%        2d11      28%         3
 Vampiric Draining        Necr           7%         2d6       36%         3
 Ignite Poison            Fire/Tmut/Pois 7%         N/A       38%         3
 Inner Flame              Hex/Fire       7%         N/A       38%         3
 Spider Form              Tmut/Pois      7%         N/A       38%         3
 Stone Arrow              Conj/Erth      14%        3d7       38%         3
 Anguish                  Hex/Necr       3%         N/A       78%         4
 Animate Armour           Summ/Erth      14%        N/A       78%         4
 Animate Dead             Necr           7%         N/A       78%         4
 Cause Fear               Hex            3%         N/A       80%         4
 Flame Wave               Conj/Fire      7%         2d5       80%         4
 Sticky Flame             Conj/Fire      7%         2d3       80%         4
 Agony                    Necr           7%         N/A       98%         5
 Freezing Cloud           Conj/Ice/Air   3%         6-21      98%         5
 Haunt                    Necr/Summ      3%         N/A       100%        7
 Discord                  Hex            3%         N/A       100%        8
 Infestation              Necr           3%         N/A       100%        8
 Lehudib's Crystal Spear  Conj/Erth      3%         10d3      100%        8


Dungeon Overview and Level Annotations

Branches:
Dungeon (14/15)            Temple (1/1) D:4            Lair (5/5) D:8
 Shoals (0/4) Lair:3        Snake (0/4) Lair:2        Slime (0/5) Lair:5
    Orc (0/2) D:11          Sewer (visited)
 Vaults: D:13-14

Altars:
Ashenzari
Cheibriados
Dithmenos
Elyvilon
Fedhas
Gozag
Hepliaklqana
Kikubaaqudgha
Makhleb
Nemelex Xobeh
Okawaru
Qazlal
Ru
Sif Muna
Trog
Uskayaw
Vehumet
Wu Jian
Xom
Yredelemnul
Zin
The Shining One
Jiyva

Shops:
D:1 (([((   D:6 !   D:7 (

Portals:
Trove: D:13 (lose all piety)

Annotations:
D:11 3 runed translucent doors, gabibbone's ghost, journeyman HORe
D:12 1 runed translucent door
D:14 Louise
Lair:1 1 runed translucent door, Rupert
Lair:2 3 runed translucent doors, MCDelver's ghost, journeyman OpFE
Lair:3 1 runed translucent door, slayr's ghost, journeyman DjAE
Lair:5 2 runed translucent doors, kae's ghost, journeyman SpEn


Innate Abilities, Weirdness & Mutations

You have razor-sharp teeth.
Your natural rate of healing is unusually fast.
When hurt, damage is shared between your health and your magic reserves.
Your bite disrupts and absorbs the magic of your enemies.
Potions cannot restore your health.
[Your magical capacity is very low. (-20% MP)]
[You are very vulnerable to heat. (rF--)]


Message History

You slash the wretched star! You burn the wretched star.
You bite the wretched star!
The wretched star's magic leaks into the air.
You drain its magic.
The wretched star is almost destroyed.
You hit the wretched star but do no damage.
Your bite misses the wretched star.
The wretched star is almost destroyed.
The shard shrike simulacrum claws you but does no damage.
A starcursed mass splits.
The shard shrike simulacrum barely misses you.
You spin and attack the wretched star.
You hit the wretched star.
You bite the wretched star, but do no damage.
The wretched star is almost destroyed.
You spin and attack the starcursed mass repeatedly.
You slash the starcursed mass! You burn the starcursed mass!
You bite the starcursed mass, but do no damage.
The starcursed mass is heavily damaged.
You hit the starcursed mass. You burn the starcursed mass.
The starcursed mass is heavily damaged.
The starcursed mass shudders and is absorbed by its neighbour.
The shard shrike simulacrum barely misses you.
A starcursed mass splits.
The wretched star falters for a moment.
You see here a raiju corpse.
You open the wretched star like a pillowcase!!!
You destroy the wretched star!
The Council accepts your kill. The shard shrike simulacrum misses you.
The shard shrike simulacrum claws you but does no damage.
A starcursed mass splits.
The shard shrike simulacrum misses you.
You slice the starcursed mass!! You burn the starcursed mass.
You bite the starcursed mass.
You destroy the starcursed mass!
The Council accepts your kill. The shard shrike simulacrum claws you!
The shard shrike simulacrum freezes you!!
The shard shrike simulacrum claws you!
The shard shrike simulacrum freezes you!!!
Ouch! That really hurt!
You die...

... #.. ..# # .
#.#.# .#. # .. ###
#..#####. #. #
...##.#.... .... #
# #.##...##..##
..#..
#.....#.##.##...#
#.....###.......#
#.#.....#....#..###
#........@†.....#
.....#..ZXX...###
...##.#...#.....#
X# #..###..#.#..#
#.#. #..#..##.#
.... .#...#.. #.. #
#.#...#... ..
.#.#... #... ≈~.♣♣♣
...


You could see 2 starcursed masses and a shard shrike simulacrum.

Vanquished Creatures
  Jorgrun (D:14)
  An ophan (Abyss:3)
  Josephine (Lair:5)
  Erica (D:8)
  2 boulder beetles
  6 hydras
  4 two-headed ogres
  8 death yaks (Lair:5)
  Sonja (D:13)
  3 skeletal warriors (D:13)
  A wretched star (Abyss:4)
  4 starcursed masses
  A deep elf pyromancer (D:12)
  3 ugly things
  A necromancer (D:13)
  3 manticores
  A black mamba (Lair:2)
  Maurice (D:8)
  9 elephants
  A torpor snail (Lair:5)
  3 gargoyles
  13 cane toads
  5 rime drakes
  An efreet (D:13)
  9 komodo dragons
  A freezing wraith (Abyss:4)
  An unseen horror (D:11)
  4 trolls
  5 polar bears
  3 hornets (Lair:5)
  A tyrant leech (Lair:5)
  3 raiju (Abyss:4)
  5 dream sheep (Lair:3)
  3 blink frogs
  11 slime creatures
  A ynoxinul (Abyss:4)
  5 wraiths
  2 shadows
  A vampire (D:9)
  6 wyverns
  7 basilisks
  A human (Lair:1)
  5 steam dragons
  20 yaks
  2 neqoxecs
  12 vampire mosquitoes
  4 nagas (Lair:2)
  6 acid dragons
  26 water moccasins
  2 large abominations
  9 orc warriors
  A sky beast (D:8)
  3 ice beasts
  7 black bears
  An ogre (D:5)
  2 phantoms (D:5)
  7 centaurs
  4 kobold brigands
  8 bullfrogs
  A gnoll sergeant (D:11)
  A necrophage (D:8)
  3 scorpions
  15 wights
  11 killer bees
  An electric eel (Lair:2)
  A howler monkey (D:6)
  11 orc priests
  5 hounds
  3 jellies
  An iron imp (D:10)
  4 iguanas
  17 orc wizards
  2 wolf simulacra (D:13)
  2 yak simulacra (D:13)
  2 polar bear simulacra (D:13)
  18 adders
  8 gnolls
  A shadow imp (D:4)
  2 white imps
  2 ufetubi
  3 worms (D:3)
  A dart slug (D:4)
  57 orcs
  7 endoplasms
  5 giant cockroaches
  10 hobgoblins
  2 jackals (D:1)
  A quokka (D:1)
  4 ball pythons
  8 bats
  4 frilled lizards (D:1)
  11 goblins
  26 kobolds
  7 rats
  5 river rat simulacra (D:13)
525 creatures vanquished.

Vanquished Creatures (others)
  An orc wizard (D:11)
  A bush (Lair:5)
  41 fungi
  65 plants
108 creatures vanquished.

Grand Total: 633 creatures vanquished

Notes
Turn   | Place    | Note
-------+----------+-------------------------------------------
     0 | D:1      | Leeroy the Vine Stalker Warper began the quest for the Orb.
     0 | D:1      | Reached XP level 1. HP: 11/11 MP: 4/4
    96 | D:1      | Found Eqean's Weapon Shoppe.
   118 | D:1      | Reached skill level 1 in Stealth
   123 | D:1      | Found Gickuyc's Antique Weapon Emporium.
   200 | D:1      | Reached XP level 2. HP: 15/15 MP: 6/6
   363 | D:1      | Found Gueth's Weapon Boutique.
   508 | D:1      | Found Barue's Armour Shop.
   552 | D:1      | Reached XP level 3. HP: 18/18 MP: 7/7
   572 | D:1      | Found Zuebb's Antique Weapon Boutique.
  1202 | D:2      | Gained mutation: Your natural rate of healing is unusually
                  | fast. [Vine Stalker growth]
  1202 | D:2      | Reached XP level 4. HP: 12/23 MP: 8/8
  1417 | D:3      | Found a hide-covered altar of Uskayaw.
  1626 | D:3      | Reached XP level 5. HP: 17/26 MP: 2/9
  1713 | D:3      | Found a glowing drain.
  1719 | Sewer    | Entered a sewer
  1741 | Sewer    | Noticed a water moccasin
  1758 | Sewer    | Killed a water moccasin
  1759 | Sewer    | Reached skill level 5 in Long Blades
  1759 | Sewer    | Reached XP level 6. HP: 30/30 MP: 8/10
  1886 | D:3      | Found an ancient bone altar of Kikubaaqudgha.
  2388 | D:1      | Bought a +2 long sword of electrocution for 207 gold pieces
  2605 | D:4      | Noticed a black bear
  2615 | D:4      | Killed a black bear
  2640 | D:4      | Reached XP level 7. HP: 33/34 MP: 9/11
  2765 | D:4      | Found a broken altar of Ashenzari.
  2817 | D:4      | Found a staircase to the Ecumenical Temple.
  2873 | Temple   | Entered the Ecumenical Temple
  2882 | Temple   | Became a worshipper of the Wu Jian Council
  3379 | D:5      | Entered Level 5 of the Dungeon
  3391 | D:5      | Reached * piety under Wu Jian
  3638 | D:5      | Gained mutation: You have razor-sharp teeth. [Vine Stalker
                  | growth]
  3638 | D:5      | Reached XP level 8. HP: 38/38 MP: 12/12
  4185 | D:5      | Learned a level 2 spell: Blink
  4189 | D:5      | Learned a level 3 spell: Vhi's Electric Charge
  4194 | D:5      | Learned a level 4 spell: Manifold Assault
  4229 | D:5      | Reached skill level 5 in Stealth
  4660 | D:6      | Reached XP level 9. HP: 36/45 MP: 9/13
  4843 | D:6      | Found a burning altar of Makhleb.
  4915 | D:6      | Found Kyt Ides's Distillery.
  4963 | D:6      | Reached ** piety under Wu Jian
  5455 | D:7      | Reached skill level 10 in Stealth
  5651 | D:7      | Found a bloodstained altar of Trog.
  5884 | D:7      | Found Gicoheots's Weapon Emporium.
  6135 | D:8      | Noticed Erica
  6151 | D:8      | Killed Erica
  6152 | D:8      | Reached skill level 5 in Spellcasting
  6152 | D:8      | Reached XP level 10. HP: 14/50 MP: 2/19
  6440 | D:8      | Found an opulent altar of Gozag.
  6570 | D:8      | Noticed a two-headed ogre
  6574 | D:8      | Killed a two-headed ogre
  6657 | D:8      | Noticed Maurice
  6743 | D:8      | Killed Maurice
  6743 | D:8      | Reached *** piety under Wu Jian
  6778 | D:8      | Noticed a two-headed ogre
  6814 | D:8      | Killed a two-headed ogre
  6983 | D:8      | Found a staircase to the Lair.
  6991 | D:8      | Reached skill level 10 in Spellcasting
  6991 | D:8      | Reached XP level 11. HP: 26/52 MP: 10/26
  7172 | Lair:1   | Entered Level 1 of the Lair of Beasts
  7564 | Lair:1   | Found a runed translucent door.
  7680 | Lair:1   | Noticed Rupert
  8283 | Lair:2   | Identified a scroll of acquirement
  8287 | Lair:2   | Acquired a +2 great sword of holy wrath
  8713 | Lair:2   | Found a runed translucent gate.
  8713 | Lair:2   | Found a runed translucent gate.
  8713 | Lair:2   | Found a runed translucent gate.
  8737 | Lair:2   | Noticed a four-headed hydra
  8926 | Lair:2   | Noticed MCDelver's ghost (journeyman OpFE)
  9068 | Lair:2   | Reached **** piety under Wu Jian
  9170 | Lair:2   | Killed a one-headed hydra
  9209 | Lair:2   | Found a staircase to the Snake Pit.
  9715 | Lair:3   | Reached skill level 10 in Long Blades
  9744 | Lair:3   | Reached XP level 12. HP: 47/58 MP: 23/29
 10138 | Lair:3   | Identified the +0 robe of Sufficient Knowledge {Int+5 Dex+2
                  | Slay-4}
 10383 | Lair:3   | Found a staircase to the Shoals.
 10417 | Lair:3   | Noticed a five-headed hydra
 10421 | Lair:3   | Killed a two-headed hydra
 10504 | Lair:3   | Reached skill level 5 in Fighting
 10626 | Lair:3   | Noticed a boulder beetle
 10636 | Lair:3   | Killed a boulder beetle
 10679 | Lair:3   | Found a runed translucent door.
 10680 | Lair:3   | Noticed slayr's ghost (journeyman DjAE)
 11459 | Lair:4   | Reached XP level 13. HP: 30/68 MP: 24/30
 12493 | Lair:5   | Entered Level 5 of the Lair of Beasts
 12566 | Lair:5   | Reached skill level 10 in Fighting
 12711 | Lair:5   | Noticed Josephine
 12770 | Lair:5   | Killed Josephine
 13216 | Lair:5   | Found a runed translucent door.
 13216 | Lair:5   | Noticed kae's ghost (journeyman SpEn)
 13508 | Lair:5   | Noticed a fire dragon
 13716 | Lair:5   | Found a runed translucent door.
 13716 | Lair:5   | Found a viscous altar of Jiyva.
 13717 | Lair:5   | Found a staircase to the Slime Pits.
 13717 | Lair:5   | Noticed an acid blob
 13717 | Lair:5   | Noticed an acid blob
 13913 | Lair:5   | Paralysed by a hornet for 2 turns
 14431 | D:9      | Found a basalt altar of Yredelemnul.
 14798 | D:9      | Reached ***** piety under Wu Jian
 14853 | D:9      | Reached XP level 14. HP: 67/80 MP: 29/31
 14862 | D:9      | Reached skill level 5 in Dodging
 15526 | D:10     | Entered Level 10 of the Dungeon
 15737 | D:10     | Found a snail-covered altar of Cheibriados.
 16390 | D:11     | Found a staircase to the Orcish Mines.
 16461 | D:11     | Found a runed translucent gate.
 16461 | D:11     | Found a runed translucent gate.
 16461 | D:11     | Found a runed translucent gate.
 16461 | D:11     | Noticed gabibbone's ghost (journeyman HORe)
 16536 | D:11     | Identified the +6 scimitar of Upheaval {heavy, Stlth+}
 16948 | D:12     | Found a runed translucent door.
 17265 | D:12     | Found a stormy altar of Qazlal.
 17792 | D:13     | Noticed Sonja
 18034 | D:13     | Found a portal to a secret trove of treasure.
 18270 | D:13     | Killed Sonja
 18883 | D:14     | Noticed Jorgrun
 18921 | D:14     | Killed Jorgrun
 19046 | D:14     | Found a white marble altar of Elyvilon.
 19057 | D:14     | Noticed Louise
 19216 | D:14     | Identified the +2 hand axe of the Vine {speed, rC+ Str+3
                  | SInv Stlth-}
 19218 | D:14     | Identified the +7 hand axe "Vyefi" {freeze, Fly rF++}
 19265 | Abyss:3  | Cast into level 3 of the Abyss (Louise)
 19302 | Abyss:3  | Noticed an ophan
 19302 | Abyss:3  | Noticed a profane servitor
 19315 | Abyss:3  | Killed an ophan
 19315 | Abyss:3  | Noticed a deep elf sorcerer
 19316 | Abyss:3  | Reached skill level 10 in Dodging
 19368 | Abyss:3  | Noticed a starcursed mass
 19395 | Abyss:3  | Noticed a tentacled starspawn
 19446 | Abyss:4  | Noticed an Executioner
 19545 | Abyss:4  | Noticed a starcursed mass
 19550 | Abyss:4  | Slain by a shard shrike simulacrum

Illustrated notes

Levels and vault maps discovered:
D:1:      lemuel_arrival_cross, layout_basic, serial_shops,
          nicolae_diamond_shop, nicolae_shop_crystal, shop,
          nicolae_shop_bloodbath_and_beyond, shop, minmay_misc_feat_nine_boxes,
          minmay_tetromino_l2
D:2:      layout_loops_ring
D:3:      layout_basic, nicolae_kikubaaqudgha_miasma_corner,
          nicolae_uskayaw_dance_hall, gup_sewer_entry_bubbles
D:4:      layout_cave_pools, nicolae_overflow_crystal_walls,
          lemuel_temple_firewalk_b
D:5:      layout_rooms, serial_co_window_serial, co_window_paths_a,
          co_window_of_opportunity_a, co_window_paths_a, co_window_paths_b,
          co_window_paths_a, co_window_paths_a, co_window_of_opportunity_a,
          co_window_paths_c, co_window_2corner, co_window_2corner,
          co_window_cross_2, co_window_corner_cb, co_window_broadway_c,
          co_window_corner_b, glass_columns_c, glass_columns_c, glass_columns_a,
          glass_columns_a, glass_columns_b
D:6:      layout_gridville, mainiacjoe_overflow_small_starburst, serial_shops,
          shop_fountains
D:7:      layout_rooms, mainiacjoe_overflow_boulevard, serial_shops,
          kennysheep_little_box
D:8:      layout_basic, grunt_gozag_statues, erik_lair_dragon, uniq_erica,
          uniq_maurice
D:9:      layout_basic, mainiacjoe_overflow_24_doors
D:10:     layout_loops_ring, slow_altar_2
D:11:     layout_cave_pools, david_orc_4, gammafunk_ghost_hydra_chop,
          minivault_1, minivault_20
D:12:     gammafunk_mikee_crab_dinner, layout_loops_ring,
          nicolae_qazlal_eye_of_the_storm
D:13:     layout_basic, enter_trove_0, minivault_25, eino_house_with_fridge,
          uniq_sonja
D:14:     layout_loops_ring, ximxim_vaults_locker_room, elyvilon_altar_3,
          evilmike_butchery, uniq_roxanne, uniq_louise, uniq_jorgrun
Temple:   eino_temple_lava
Lair:1:   layout_gridlike, pdpol_lair_cabin_in_the_woods, serial_bayou_shore_a
Lair:2:   lemuel_reptile_caves, layout_cave_pods,
          minmay_snake_entry_guardpost_small, gammafunk_ghost_icy
Lair:3:   beast_lair_carwin_large_3, layout_layer_cave,
          elwin_shoals_entry_rocks, ebering_ghost_inner_flame, minmay_holes,
          grunt_megastairs_1
Lair:4:   layout_layer_cave, grunt_megastairs_4, infiniplex_staircase_pool
Lair:5:   guppyfry_lair_end_dragon, layout_regular_city, wormcave,
          slime_entry_2, hellmonk_ghost_happy_afterlife, uniq_josephine
Abyss:4:  base:
Lair:5

Skill      XL: |  1  2  3  4  5  6  7  8  9 10 11 12 13 14 |
---------------+-------------------------------------------+-----
Long Blades    | 2 3 5 7 8 10 12 | 12.0
Stealth        | 1 2 3 4 7 11 | 11.9
Fighting       | 4 8 12 | 12.0
Spellcasting   | 5 10 12 | 12.0
Dodging        | 4 10 | 10.1
Axes           | |  0.2
Polearms       | |  0.2
Staves         | |  0.4
Ranged Weapons | |  0.5
Throwing       | |  0.8
Armour         | |  0.7
Shields        | |  0.1
Conjurations   | |  0.2
Hexes          | |  0.2
Summonings     | |  0.4
Necromancy     | |  0.3
Translocations | |  3.0
Transmutations | |  0.2
Fire Magic     | |  0.2
Ice Magic      | |  0.2
Earth Magic    | |  0.2
Poison Magic   | |  0.2
Invocations    | |  0.2

Action                     |  1- 3 |  4- 6 |  7- 9 | 10-12 | 13-15 || total
---------------------------+-------+-------+-------+-------+-------++-------
  Melee: Falchion          |   102 |   109 |       |       |       ||   211
         Bite              |    22 |    26 |    85 |   168 |   294 ||   595
         Punch             |     1 |     1 |     1 |     7 |     7 ||    17
         Long sword        |       |    10 |   276 |   230 |       ||   516
         Short sword       |       |       |       |     1 |       ||     1
         Scimitar          |       |       |       |   222 |   750 ||   972
         Rapier            |       |       |       |       |     5 ||     5
  Throw: Boomerang         |       |     4 |       |     1 |       ||     5
   Cast: Vhi's Electric Ch |       |       |       |     3 |     4 ||     7
 Invoke: Serpent's Lash    |       |       |       |     2 |     8 ||    10
Ability: Lunge             |       |       |    18 |    27 |    37 ||    82
         Whirlwind         |       |       |     6 |    57 |   130 ||   193
         Wall Jump         |       |       |       |    17 |    16 ||    33
  Evoke: Wand              |       |       |       |     5 |       ||     5
    Use: Scroll            |       |     6 |     6 |    11 |    10 ||    33
         Potion            |       |       |     1 |     4 |       ||     5
   Stab: Sleeping          |     5 |     9 |    13 |    23 |    24 ||    74
         Distracted        |       |       |     1 |     3 |     8 ||    12
 Armour: Leather armour    |    33 |    20 |    48 |    11 |       ||   112
         Robe              |       |       |       |   116 |    35 ||   151
         Acid dragon scale |       |       |       |       |   116 ||   116
  Dodge: Dodged            |    65 |    60 |   128 |   271 |   395 ||   919

Table legend: (Time is in decaauts)
 A = Elapsed time spent in this place.
 B = Non-inter-level travel time spent in this place.
 C = Inter-level travel time spent in this place.
 D = Time resting spent in this place.
 E = Time spent auto-exploring this place.
 F = Levels seen in this place.
 G = Mean time per level.
                   A        B        C        D        E       F      G
               +--------+--------+--------+--------+--------+-----+--------+
         Total |  19635 |  18280 |   1355 |   1062 |  12995 |  23 |  853.7 |
       Dungeon |  12045 |  11113 |    932 |    546 |   7999 |  14 |  860.4 |
        Temple |     62 |     48 |     14 |      0 |     40 |   1 |   62.0 |
          Lair |   7158 |   6750 |    408 |    466 |   4822 |   5 | 1431.6 |
         Abyss |    281 |    281 |      0 |     50 |    105 |   2 |  140.5 |
         Sewer |     87 |     87 |      0 |      0 |     28 |   1 |   87.0 |
               +--------+--------+--------+--------+--------+-----+--------+

Top non-repeatable levels by time:
  Lair:4: 1596 daAuts
  Lair:3: 1523 daAuts
  Lair:2: 1377 daAuts
  Lair:5: 1366 daAuts
  Lair:1: 1294 daAuts
     D:9: 1174 daAuts
    D:13: 1138 daAuts
     D:8: 1119 daAuts
    D:12: 1043 daAuts
     D:5: 1017 daAuts
     D:1: 939 daAuts
     D:3: 922 daAuts
     D:6: 896 daAuts
     D:4: 816 daAuts
     D:7: 747 daAuts
